Map: Ley Lines

Players

Zoun - Winner!

  • Race: Protoss Protoss
  • League: Master
  • Spawn Location: 1:00

VITRyung (Ryung)

  • Race: Terran Terran
  • League: Master
  • Spawn Location: 7:00

Event: HomeStory Cup XXVII

VOD

Have the link to the VOD?

Description

Time

  • Played on: June 29, 2025, 10:12 a.m.
  • Length: 11:18

All games in this series

Show
View Real Time Build Order
Export as new Build Order

Zoun Protoss - Winner!

Build Orders: 1 Gate Expand, Phoenix Opening, Blink Stalkers 

Get SALT Encoding   

  12  0:00  Probe  
  13  0:12  Probe  
  14  0:16  Pylon  
  14  0:23  Probe  
  15  0:31  Probe  
  16  0:35  Gateway  
  16  0:39  Probe  
  16  0:45  Assimilator  
  17  0:51  Probe  
  18  1:03  Probe  
  19  1:15  Probe  
  20  1:22  Cybernetics Core  
  20  1:34  Nexus  
  20  1:43  Pylon  
  20  1:44  Probe  
  21  1:50  Assimilator  
  21  1:51  Adept  
  21  1:56  Probe  
  24  2:02  Warp Gate  
  24  2:08  Probe  
  25  2:19  Phoenix  
  25  2:20  Probe  
  25  2:21  Sentry  
  28  2:29  Shield Battery  
  28  2:32  Probe  
  28  2:33  Twilight Council  
  29  2:41  Stalker  
  29  2:42  Blink  
  29  2:43  Probe  
  31  2:46  Probe  
  31  2:51  Probe  
  34  2:58  Probe  
  34  3:01  Probe  
  36  3:11  Probe  
  37  3:13  Probe  
  38  3:23  Gateway, Probe  
  38  3:25  Pylon, Probe  
  40  3:32  Robotics Facility  
  40  3:35  Probe  
  40  3:38  Probe  
  42  3:47  Probe  
  43  3:49  Stalker  
  43  3:50  Probe  
  43  3:51  Shield Battery  
  46  3:59  Probe  
  46  4:02  Probe  
  48  4:10  Nexus  
  48  4:11  Probe  
  48  4:14  Pylon, Probe  
  50  4:18  Observer, Stalker  
  53  4:26  Pylon  
  53  4:27  Assimilator  
  53  4:28  Probe  
  54  4:32  Probe, Stalker  
  54  4:34  Observer  
  56  4:46  Probe  
  56  4:47  Stalker  
  56  4:51  Probe  
  59  4:56  Charge  
  59  4:57  Forge  
  59  4:58  Probe  
  60  5:03  Observer, Probe  
  62  5:10  Probe  
  62  5:11  Gateway  
  62  5:12  Gateway  
  63  5:14  Probe  
  63  5:17  Stalker  
  63  5:20  Probe  
  63  5:21  Protoss Ground Weapons Level 1, Probe  
  66  5:22  Probe  
  69  5:29  Probe x2  
  69  5:30  Probe  
  69  5:31  Stalker  
  74  5:39  Probe x2  
  74  5:41  Probe, Stalker  
  79  5:52  Gateway  
  79  5:53  Gateway  
  79  5:55  Gateway x2  
  79  5:59  Observer  
  76  6:06  Probe x3  
  76  6:08  Robotics Bay  
  76  6:10  Stalker x2  
  83  6:12  Observer  
  83  6:19  Observer  
  83  6:20  Shield Battery  
  83  6:22  Pylon x2  
  83  6:29  Photon Cannon  
  83  6:30  Immortal  
  83  6:33  Photon Cannon  
  83  6:36  Pylon  
  83  6:39  Pylon  
  83  6:43  Stalker x3  
  83  6:44  Sentry  
  95  6:50  Zealot x3  
  101  6:54  Pylon  
  101  6:56  Zealot  
  103  7:07  Zealot x4  
  103  7:11  Zealot x3  
  96  7:19  Probe  
  96  7:21  Colossus  
  95  7:23  Stalker  
  95  7:25  Pylon  
  101  7:33  Zealot x5  
  103  7:40  Protoss Ground Weapons Level 2, Zealot x2  
  97  7:52  Observer  
  97  7:55  Zealot x6  
  101  7:59  Extended Thermal Lance  
  101  8:01  Probe  
  102  8:06  Probe  
  102  8:14  Probe x2  
  102  8:15  Sentry, Nexus  
  102  8:18  Probe  
  107  8:20  Pylon  
  107  8:28  Probe  
  107  8:29  Probe  
  107  8:31  Pylon, Probe  
  107  8:33  Colossus, Zealot x4  
  118  8:45  Pylon  
  124  8:52  Stalker  
  124  8:53  Zealot x7  
  137  8:59  Pylon  
  133  9:15  Zealot x5  
  131  9:20  Stalker x3  
  121  9:36  Stalker x4  
  127  9:39  Stalker  
  127  9:42  Observer  
  127  9:44  Zealot x2  
  129  9:45  Nexus  
  129  9:47  Pylon  
  129  9:56  Zealot  
  129  9:58  Immortal  
  131  10:05  Shield Battery  
  131  10:06  Photon Cannon  
  135  10:07  Observer  
  135  10:11  Pylon, Photon Cannon  
  135  10:12  Zealot  
  135  10:13  Zealot  
  139  10:18  Zealot x2  
  143  10:28  Zealot x3  
  143  10:32  Zealot x2  
  153  10:39  Probe x3  
  153  10:41  Pylon  
  155  10:42  Zealot  
  157  10:57  Zealot  
  157  11:01  Zealot x5  
  129  11:05  Zealot x2  
Show
View Real Time Build Order
Export as new Build Order

VITRyung Terran 

Build Orders: Cyclone Opening 

Get SALT Encoding   

  12  0:00  SCV  
  13  0:12  SCV  
  14  0:16  Supply Depot  
  14  0:24  SCV  
  15  0:38  Barracks, SCV  
  16  0:44  Refinery  
  16  0:50  SCV  
  17  1:02  SCV  
  18  1:14  SCV  
  20  1:26  Orbital Command  
  19  1:38  Command Center  
  19  1:40  Marine  
  20  1:51  Factory  
  21  1:54  SCV  
  21  2:01  Refinery  
  21  2:06  SCV  
  22  2:08  Supply Depot  
  22  2:11  Barracks Tech Lab  
  22  2:18  SCV  
  23  2:30  SCV  
  24  2:41  Cyclone  
  24  2:42  SCV  
  28  2:48  Starport  
  28  2:49  Orbital Command  
  28  2:54  SCV  
  29  3:02  Barracks Reactor  
  29  3:06  SCV  
  30  3:13  Widow Mine  
  30  3:15  SCV  
  30  3:18  SCV  
  34  3:23  Barracks  
  34  3:27  Medivac  
  34  3:28  SCV  
  34  3:31  SCV  
  38  3:34  Widow Mine  
  38  3:39  Marine  
  38  3:40  Marine  
  38  3:41  Supply Depot, SCV  
  43  3:43  SCV  
  44  3:53  SCV  
  44  3:55  Supply Depot, SCV  
  46  3:58  Starport Tech Lab  
  46  4:02  Marine x2  
  46  4:07  SCV x2  
  50  4:11  Barracks  
  50  4:14  Supply Depot  
  50  4:15  Stimpack  
  52  4:17  Raven  
  52  4:19  Refinery  
  52  4:20  SCV  
  52  4:21  SCV  
  52  4:22  Bunker  
  54  4:26  Marine x3  
  57  4:32  Engineering Bay  
  57  4:33  SCV x2  
  57  4:38  Supply Depot  
  59  4:45  SCV x2  
  60  4:46  Marine  
  60  4:47  Marine x2  
  62  4:57  SCV  
  62  4:58  SCV  
  62  4:59  Factory Reactor  
  64  5:00  Supply Depot, Terran Infantry Weapons Level 1  
  64  5:05  Marine x2  
  64  5:06  Starport Reactor  
  66  5:09  SCV  
  66  5:10  Marauder x2, SCV  
  72  5:15  Refinery  
  72  5:19  Supply Depot  
  72  5:23  Supply Depot, Marine x2  
  73  5:32  Barracks x2  
  73  5:33  Marauder  
  73  5:34  Marauder  
  77  5:38  Widow Mine x2  
  81  5:43  Marine x2  
  81  5:44  Medivac  
  81  5:47  Medivac  
  87  6:01  Marine  
  87  6:02  Marauder x2, Marine  
  87  6:04  Concussive Shells, Widow Mine x2  
  97  6:12  Supply Depot  
  97  6:13  Supply Depot  
  97  6:14  Medivac  
  97  6:21  Barracks Reactor, Medivac  
  97  6:22  Barracks Tech Lab  
  97  6:24  Marauder, Marine  
  102  6:34  Marauder, Supply Depot, Combat Shield, Widow Mine x2  
  102  6:39  Supply Depot  
  108  6:45  Marine x2  
  110  6:48  Marauder x2  
  114  6:55  Terran Infantry Armor Level 1  
  114  6:57  Widow Mine x2  
  108  7:11  Marauder  
  108  7:12  Medivac  
  108  7:15  Marauder x2, Marine x2  
  112  7:18  Widow Mine  
  112  7:19  Widow Mine  
  107  7:24  Marine  
  107  7:31  Medivac  
  107  7:32  Marauder  
  107  7:36  Marauder, Marine x4  
  109  7:40  Widow Mine  
  98  7:48  Marine  
  89  7:53  Marauder  
  89  7:54  Marine x2  
  89  7:55  Marauder  
  89  7:57  Widow Mine, Medivac  
  97  8:01  Marine x2, Widow Mine  
  101  8:06  Marine  
  101  8:08  Medivac  
  101  8:12  Marine x2  
  104  8:14  Marine  
  104  8:18  Marauder  
  104  8:19  Marine  
  110  8:20  Marauder  
  110  8:23  Marine  
  110  8:26  Widow Mine x2  
  115  8:32  Marauder  
  117  8:37  Marine x2  
  117  8:39  Marauder, Marine  
  124  8:41  Marauder  
  123  8:54  Marauder  
  125  8:57  Marine  
  125  8:58  Viking x2, Marine  
  131  9:03  Widow Mine x2  
  121  9:17  Marauder x3, Marine x2  
  121  9:21  SCV x2  
  121  9:23  Marine  
  120  9:27  Widow Mine x2  
  103  9:39  Marauder x2  
  103  9:45  Viking  
  106  9:50  Viking  
  108  9:59  Marauder  
  110  10:00  Marauder x2, Marine x2  
  110  10:02  Marine  
  117  10:15  Marine  
  117  10:20  Marauder  
  120  10:21  Marauder x2, Viking  
  126  10:28  Viking  
  126  10:34  Supply Depot  
  128  10:42  Marauder, Marine x2  
  132  10:43  Marauder  
  134  10:53  Marine x2  
  134  10:54  Marauder  
  123  11:00  Marine  
Tags
 
Add a new tag
Caveats
  • Supply blocks, unpowered buildings, or Contaminate may cause inaccurate times.
  • Supply counts are checked every 10 seconds.